 Dungeon Crawl Stone Soup version 0.19-a0-1111-gcceb26a (webtiles) character file.

266 epen the Ducker (level 6, -10/28 HPs)
             Began as a Felid Monk on Aug 11, 2016.
             Killed by divine providence
             ... invoked by an orc priest
              (14 damage)
             ... on level 3 of the Dungeon.
             The game lasted 00:05:40 (3033 turns).

epen the Ducker (Felid Monk)                        Turns: 3033, Time: 00:05:41

Health: -10/28     AC:  2    Str:  7    XL:     6   Next: 0%
Magic:  16/16      EV: 27    Int: 13    God:
Gold:   107        SH:  0    Dex: 24    Spells: 0 memorised, 5 levels left
                                        Lives:  0   Deaths: 1

rFire  . . .     SeeInvis +       - Unarmed
rCold  . . .     Gourm    .     (armour unavailable)
rNeg   . . .     Faith    .     (shield unavailable)
rPois  .         Spirit   .     (helmet unavailable)
rElec  .         Dismiss  .     (cloak unavailable)
rCorr  .         Reflect  .     (gloves unavailable)
SustAt .         Harm     .     (boots unavailable)
MR     .....                    (no amulet)
Stlth  +++++.....               (no ring)
                                d - ring of magical power

@: agile, quick
A: no armour, no weapons or thrown items, claws 1, fangs 3, see invisible,
carnivore 3, speed 1, shaggy fur 2, slow metabolism 1, sharp paws
a: no special abilities


You were on level 3 of the Dungeon.
You were very full.

You visited 1 branch of the dungeon, and saw 3 of its levels.

You collected 107 gold pieces.

Inventory:

Jewellery
 d - a ring of magical power (left paw)
Scrolls
 b - a scroll of random uselessness {unknown}
 c - a scroll of fog {unknown}
 e - 6 scrolls of identify {unknown}
 g - a scroll of recharging {unknown}
 h - 2 scrolls of remove curse {unknown}
 j - a scroll of blinking {unknown}
 k - a scroll of amnesia {unknown}
Comestibles
 a - a meat ration


   Skills:
 + Level 4.0 Fighting
 + Level 5.5 Dodging
 + Level 4.9 Stealth
 * Level 5.0 Unarmed Combat


You had 5 spell levels left.
You didn't know any spells.

Dungeon Overview and Level Annotations

Branches:
Dungeon (3/15)

Altars:

Annotations:
D:3 Robin; WhatIsLove's ghost, amateur DrTm


Innate Abilities, Weirdness & Mutations

You cannot wear armour.
You are incapable of wielding weapons or throwing items.
You have sharp claws.
You have razor-sharp teeth.
You have supernaturally acute eyesight. (SInv)
You are carnivorous and can eat meat at any time.
You cover ground quickly.
You are covered in thick fur. (AC +2)
You have a slow metabolism.
Your sharp claws are effective at attacking unaware monsters.


Message History

You scratch the kobold but do no damage.
The kobold hits you with a short sword.
* * * LOW HITPOINT WARNING * * *
You scratch the kobold.
The kobold is heavily wounded.
The kobold completely misses you.
You claw the kobold!
You kill the kobold!
You have reached level 6!
Your experience leads to an increase in your attributes!
Your base attributes are Str 7, Int 12, Dex 19.
Increase (S)trength, (I)ntelligence, or (D)exterity?
You feel clever.
Your fur grows into a thick mane.
You barely miss the orc priest. Your bite misses the orc priest.
The orc priest is heavily wounded.
The orc priest invokes the aid of Beogh against you.
Beogh smites you!
Ouch! That really hurt!
You die...

#.# #.#.### #.#
#.....# #.# ##.....##
#.# ....(....# #.# #
..... #.# #.# # #.
.o. #.# #.# # #. #o#
#.# #.### #..#@# #.#
#...# #..#.# ##.##
###.#
#....###..>########.#
#.##.....#........#.#
# #.###...######....
#.# ##.## ##### #.#
#.# #.# #.# ... ..#


You could see an orc priest and an orc.

Vanquished Creatures
  Sigmund (D:2)
  Ijyb (D:3)
  4 adders
  3 gnolls (D:2)
  An ooze (D:1)
  2 dart slugs (D:3)
  2 giant geckos
  An orc (D:3)
  10 bats
  2 giant cockroaches
  13 goblins
  7 hobgoblins
  7 jackals
  4 kobolds
  A quokka (D:3)
  3 giant newts
  12 rats
74 creatures vanquished.

Notes
Turn   | Place    | Note
-------+----------+-------------------------------------------
     0 | D:1      | epen the Felid Monk began the quest for the Orb.
     0 | D:1      | Reached XP level 1. HP: 10/10 MP: 2/2
   225 | D:1      | Reached XP level 2. HP: 14/14 MP: 3/3
   728 | D:1      | Reached XP level 3. HP: 17/17 MP: 4/4
  1337 | D:2      | Reached XP level 4. HP: 19/21 MP: 5/5
  1575 | D:2      | Noticed Sigmund
  1928 | D:3      | Noticed Ijyb
  1944 | D:3      | Killed Ijyb
  1968 | D:3      | Reached skill level 5 in Dodging
  1985 | D:3      | Noticed Robin
  2129 | D:3      | Reached XP level 5. HP: 7/25 MP: 6/6
  2130 | D:3      | Slain by a hobgoblin
  2131 | D:3      | Reached XP level 4. HP: -1/22 MP: 14/14
  2285 | D:3      | Noticed WhatIsLove's ghost (amateur DrTm)
  2352 | D:2      | Killed Sigmund
  2352 | D:2      | Reached skill level 5 in Unarmed Combat
  2352 | D:2      | Reached XP level 5. HP: 4/25 MP: 6/6
  3032 | D:3      | Gained mutation: You are covered in thick fur. (AC +2) [Felid growth]
  3032 | D:3      | Reached XP level 6. HP: 4/28 MP: 7/7
  3033 | D:3      | Killed from afar by an orc priest

Vault maps used:
D:1:      kilobyte_arrival_exit_the_forest, minmay_pentomino_v4
D:2:      first_bread, uniq_sigmund
D:3:      dk_noncrumbling_4, uniq_robin, uniq_terence, uniq_iyjb

Skill      XL: |  1  2  3  4 |
---------------+-------------+-----
Stealth        | 3 4 |  4.9
Unarmed Combat | 5 |  5.0
Dodging        | 5 |  5.5
Fighting       | 4 |  4.0

Action                   |  1- 3 |  4- 6 || total
-------------------------+-------+-------++-------
Melee: Unarmed           |    90 |   132 ||   222
       Bite              |     6 |    18 ||    24
       Punch             |     1 |     4 ||     5
  Use: Potion            |       |     4 ||     4
 Stab: Sleeping          |     8 |     7 ||    15
       Distracted        |       |     1 ||     1
       Invisible         |       |     1 ||     1
  Eat: Chunk             |     8 |     8 ||    16
Armor: Skin              |     6 |     6 ||    12
Dodge: Dodged            |    62 |   136 ||   198
